[ AOE2 MATCH · #482875333 ]
Team RMHuns vs Maya
[ REPLAY ANALYSIS · EXTRACTED FROM THE RECORDED GAME ]
Feudal
9:54
Castle
14:22
Imperial
—
| APM avg | 19.6 |
| APM peak | 36 |
| eAPM avg | 12.7 |
| Villagers / military | 31 / 4 |
Focus
⚔️ 23.9% · 🌾 76.1%
Mangonel ×2 · Spearman ×2
Feudal
9:35
Castle
19:23
Imperial
—
| APM avg | 22.6 |
| APM peak | 45 |
| eAPM avg | 12.2 |
| Villagers / military | 40 / 21 |
Focus
⚔️ 13.2% · 🌾 86.8%
Knight ×15 · Scout Cavalry ×6
Feudal
8:00
Castle
19:28
Imperial
—
| APM avg | 51.0 |
| APM peak | 92 |
| eAPM avg | 18.5 |
| Villagers / military | 50 / 31 |
Focus
⚔️ 32.3% · 🌾 67.7%
Archer ×28 · Spearman ×3
Feudal
8:27
Castle
21:25
Imperial
—
| APM avg | 41.5 |
| APM peak | 80 |
| eAPM avg | 14.5 |
| Villagers / military | 35 / 12 |
Focus
⚔️ 17.2% · 🌾 82.8%
Scout Cavalry ×10 · Spearman ×2
Feudal
10:10
Castle
21:19
Imperial
—
| APM avg | 22.6 |
| APM peak | 39 |
| eAPM avg | 11.0 |
| Villagers / military | 36 / 7 |
Focus
⚔️ 14.9% · 🌾 85.1%
Scout Cavalry ×6 · Spearman ×1
Feudal
9:22
Castle
—
Imperial
—
| APM avg | 35.9 |
| APM peak | 60 |
| eAPM avg | 15.5 |
| Villagers / military | 44 / 26 |
Focus
⚔️ 28.0% · 🌾 72.0%
Archer ×22 · Spearman ×3 · Skirmisher ×1
Feudal
9:28
Castle
16:04
Imperial
—
| APM avg | 33.8 |
| APM peak | 80 |
| eAPM avg | 15.8 |
| Villagers / military | 53 / 7 |
Focus
⚔️ 21.7% · 🌾 78.3%
Knight ×7
Feudal
8:50
Castle
19:57
Imperial
—
| APM avg | 34.3 |
| APM peak | 72 |
| eAPM avg | 17.9 |
| Villagers / military | 47 / 28 |
Focus
⚔️ 28.8% · 🌾 71.2%
Eagle Scout ×22 · Archer ×5 · Militia ×1
Match map
Initial resources + every placement click. Lines = walls · curves = elevation contours. ◆ gold · ⬟ stone · ● berries · ✦ relic · ◌ wall gap
Your base· ✓ Map-separated
Miel's base· ✓ Map-separated
Megadethz's base· ✓ Map-separated
mikeymazko's base· ✓ Map-separated
MrskullSoul's base· ✓ Map-separated
Microcuts's base· ✓ Map-separated
eletronvalente's base· ✓ Map-separated
christianperalta141's base· ✓ Map-separated
Smoothed initial terrain · ◌ = detected wall gap · hover for details
Inputs per minute
— fs19mehmet - - Miel
Build order — fs19mehmet
70 actions detected in the replay
| 0:02 | Research | Loom |
| 0:19 | Create | Villager (Male) |
| 0:19 | Create | Villager (Male) |
| 0:19 | Create | Villager (Male) |
| 0:19 | Create | Villager (Male) |
| 1:09 | Create | Villager (Male) |
| 1:45 | Create | Villager (Male) |
| 1:45 | Create | Villager (Male) |
| 2:45 | Build | Lumber Camp |
| 2:53 | Create | Villager (Male) |
| 3:16 | Create | Villager (Male) |
| 3:44 | Create | Villager (Male) |
| 4:12 | Create | Villager (Male) |
| 4:14 | Create | Villager (Male) |
| 4:29 | Build | Mill |
| 5:09 | Create | Villager (Male) |
| 5:38 | Create | Villager (Male) |
| 5:38 | Create | Villager (Male) |
| 5:54 | Create | Villager (Male) |
| 6:46 | Create | Villager (Male) |
| 7:19 | Create | Villager (Male) |
| 7:31 | Research | Feudal Age |
| 7:48 | Build | Mining Camp |
| 8:32 | Build | Palisade Wall |
| 9:26 | Build | Barracks |
| 9:49 | Create | Villager (Male) |
| 9:54 | Age | Feudal Age |
| 10:03 | Build | Blacksmith |
| 10:07 | Create | Villager (Male) |
| 10:22 | Build | Stable |
| 10:27 | Create | Spearman |
| 10:45 | Create | Villager (Male) |
| 11:13 | Create | Villager (Male) |
| 11:42 | Research | Castle Age |
| 12:55 | Build | Lumber Camp |
| 13:20 | Research | Double-Bit Axe |
| 14:07 | Build | Lumber Camp |
| 14:22 | Age | Castle Age |
| 14:29 | Build | Siege Workshop |
| 14:41 | Create | Villager (Male) |
| 14:41 | Create | Villager (Male) |
| 15:20 | Build | Town Center |
| 15:50 | Build | Market |
| 15:57 | Create | Villager (Male) |
| 15:59 | Create | Villager (Male) |
| 15:59 | Create | Villager (Male) |
| 16:06 | Build | Town Center |
| 16:19 | Create | Mangonel |
| 16:53 | Create | Villager (Male) |
| 17:25 | Create | Villager (Male) |
| 17:55 | Create | Mangonel |
| 18:28 | Research | Horse Collar |
| 18:49 | Build | Farm |
| 18:50 | Build | Farm |
| 18:51 | Build | Farm |
| 18:51 | Build | Farm |
| 18:52 | Build | Farm |
| 18:53 | Build | Farm |
| 18:54 | Build | Farm |
| 18:55 | Build | Farm |
| 18:56 | Build | Farm |
| 19:01 | Build | Farm |
| 19:22 | Build | Farm |
| 19:33 | Build | Farm |
| 19:43 | Create | Spearman |
| 20:00 | Build | Farm |
| 20:01 | Build | Farm |
| 20:05 | Build | Farm |
| 20:11 | Create | Villager (Male) |
| 20:11 | Create | Villager (Male) |
Build order — Miel
99 actions detected in the replay
| 0:01 | Create | Villager (Male) ×4 |
| 0:02 | Build | House |
| 0:06 | Build | House |
| 1:16 | Build | Lumber Camp |
| 1:21 | Create | Villager (Male) |
| 1:41 | Create | Villager (Male) |
| 2:18 | Create | Villager (Male) |
| 2:49 | Create | Villager (Male) |
| 2:55 | Build | House |
| 4:01 | Create | Villager (Male) |
| 4:01 | Create | Villager (Male) |
| 4:35 | Build | Mill |
| 4:38 | Create | Villager (Male) |
| 4:44 | Build | House |
| 5:15 | Create | Villager (Male) |
| 6:10 | Create | Villager (Male) |
| 6:13 | Create | Villager (Male) |
| 6:49 | Research | Loom |
| 7:09 | Research | Feudal Age |
| 8:42 | Create | Villager (Male) |
| 8:42 | Create | Villager (Male) |
| 9:26 | Build | Barracks |
| 9:35 | Age | Feudal Age |
| 9:46 | Research | Double-Bit Axe |
| 9:58 | Research | Horse Collar |
| 10:08 | Build | Stable |
| 10:22 | Create | Villager (Male) |
| 10:37 | Create | Villager (Male) |
| 10:50 | Build | House |
| 10:52 | Create | Scout Cavalry |
| 10:52 | Create | Scout Cavalry |
| 10:59 | Build | House |
| 11:00 | Build | House |
| 11:11 | Create | Villager (Male) |
| 11:24 | Create | Scout Cavalry |
| 11:33 | Create | Villager (Male) |
| 11:56 | Build | Farm |
| 12:01 | Build | Farm |
| 12:03 | Build | Farm |
| 12:08 | Build | Farm |
| 12:11 | Create | Villager (Male) |
| 12:11 | Create | Villager (Male) |
| 12:38 | Create | Scout Cavalry |
| 12:47 | Create | Villager (Male) |
| 12:52 | Build | Lumber Camp |
| 13:02 | Build | Farm |
| 13:16 | Create | Villager (Male) |
| 13:23 | Create | Villager (Male) |
| 13:49 | Build | Mining Camp |
| 13:52 | Create | Villager (Male) |
| 13:55 | Build | Farm |
| 14:09 | Create | Villager (Male) |
| 14:11 | Build | Farm |
| 14:13 | Build | Farm |
| 14:17 | Build | Farm |
| 14:17 | Build | Farm |
| 14:17 | Build | Farm |
| 14:18 | Build | Farm |
| 14:18 | Build | Farm |
| 14:50 | Create | Villager (Male) |
| 14:55 | Build | House |
| 14:56 | Build | House |
| 15:07 | Create | Scout Cavalry |
| 15:07 | Create | Scout Cavalry |
| 15:18 | Build | Stable |
| 15:23 | Create | Villager (Male) |
| 15:58 | Build | Blacksmith |
| 16:18 | Create | Villager (Male) |
| 16:43 | Research | Castle Age |
| 16:56 | Build | House |
| 16:58 | Build | House |
| 17:04 | Research | Gold Mining |
| 17:06 | Research | Scale Barding Armor |
| 17:15 | Build | Farm |
| 17:15 | Build | Farm |
| 17:16 | Build | Farm |
| 17:16 | Build | Farm |
| 17:17 | Build | Farm |
| 17:18 | Build | Farm |
| 17:53 | Build | House |
| 18:05 | Research | Bloodlines |
| 18:42 | Build | House |
| 18:45 | Create | Villager (Male) |
| 18:46 | Create | Villager (Male) |
| 19:10 | Build | House |
| 19:13 | Build | House |
| 19:17 | Build | Palisade Wall |
| 19:23 | Age | Castle Age |
| 19:29 | Create | Knight ×5 |
| 19:41 | Build | House |
| 19:43 | Build | House |
| 19:48 | Build | Town Center |
| 20:26 | Create | Villager (Male) |
| 20:26 | Create | Villager (Male) |
| 20:27 | Create | Villager (Male) |
| 20:29 | Create | Knight ×5 |
| 20:29 | Create | Knight ×5 |
| 20:53 | Create | Villager (Male) ×4 |
| 20:57 | Create | Villager (Male) |
Build order — Megadethz
136 actions detected in the replay
| 0:01 | Create | Villager (Male) |
| 0:01 | Create | Villager (Male) |
| 0:02 | Create | Villager (Male) |
| 0:03 | Build | House |
| 0:05 | Build | House |
| 0:08 | Research | Loom |
| 0:08 | Create | Villager (Male) |
| 0:08 | Create | Villager (Male) |
| 0:08 | Create | Villager (Male) |
| 0:09 | Create | Villager (Male) |
| 1:11 | Create | Villager (Male) |
| 1:13 | Build | Lumber Camp |
| 1:33 | Create | Villager (Male) |
| 1:34 | Create | Villager (Male) |
| 2:10 | Create | Villager (Male) |
| 2:10 | Create | Villager (Male) |
| 2:46 | Create | Villager (Male) |
| 2:50 | Create | Villager (Male) |
| 2:55 | Create | Villager (Male) |
| 2:55 | Create | Villager (Male) |
| 3:02 | Build | House |
| 3:02 | Build | House |
| 3:36 | Create | Villager (Male) |
| 4:13 | Create | Villager (Male) |
| 4:28 | Create | Villager (Male) |
| 5:13 | Build | Mining Camp |
| 5:50 | Research | Feudal Age |
| 7:06 | Build | Barracks |
| 7:45 | Create | Villager (Male) |
| 8:00 | Age | Feudal Age |
| 8:10 | Build | Archery Range |
| 8:13 | Build | Archery Range |
| 8:20 | Build | House |
| 8:20 | Build | Palisade Wall |
| 8:25 | Create | Villager (Male) |
| 8:39 | Create | Villager (Male) |
| 8:54 | Build | Palisade Wall |
| 9:02 | Create | Archer |
| 9:04 | Create | Archer |
| 9:09 | Build | House |
| 9:11 | Build | House |
| 9:13 | Create | Villager (Male) |
| 9:18 | Create | Archer |
| 9:18 | Create | Archer |
| 9:38 | Build | Blacksmith |
| 9:42 | Create | Villager (Male) |
| 9:43 | Create | Villager (Male) |
| 9:43 | Create | Villager (Male) |
| 9:43 | Create | Villager (Male) |
| 9:54 | Create | Archer |
| 9:54 | Create | Archer |
| 10:05 | Create | Villager (Male) |
| 10:09 | Create | Archer |
| 10:17 | Create | Archer |
| 10:17 | Create | Archer |
| 10:23 | Research | Fletching |
| 10:23 | Research | Fletching |
| 10:26 | Build | House |
| 10:51 | Create | Archer |
| 10:51 | Create | Archer |
| 11:09 | Build | House |
| 11:10 | Build | House |
| 11:32 | Create | Archer |
| 11:32 | Create | Archer |
| 11:33 | Create | Villager (Male) |
| 11:43 | Build | Mill |
| 11:47 | Build | Mill |
| 11:48 | Create | Villager (Male) |
| 11:52 | Create | Archer |
| 11:53 | Create | Archer |
| 12:14 | Create | Villager (Male) |
| 12:14 | Create | Villager (Male) |
| 12:27 | Create | Archer |
| 12:27 | Create | Archer |
| 12:32 | Create | Villager (Male) |
| 12:43 | Create | Archer |
| 12:43 | Create | Archer |
| 12:43 | Create | Archer |
| 12:49 | Build | House |
| 12:50 | Build | House |
| 13:02 | Create | Villager (Male) |
| 13:02 | Create | Villager (Male) |
| 13:17 | Create | Villager (Male) |
| 13:19 | Create | Archer |
| 13:19 | Create | Archer |
| 13:26 | Build | Market |
| 13:39 | Create | Villager (Male) |
| 13:39 | Create | Villager (Male) |
| 14:01 | Create | Spearman |
| 14:04 | Build | House |
| 14:06 | Build | Palisade Wall |
| 14:09 | Create | Spearman |
| 14:26 | Build | House |
| 14:27 | Build | House |
| 14:29 | Build | Palisade Wall |
| 14:32 | Build | House |
| 14:34 | Build | Palisade Wall |
| 14:36 | Create | Spearman |
| 14:45 | Build | House |
| 15:14 | Create | Villager (Male) |
| 15:14 | Create | Villager (Male) |
| 16:14 | Build | Mining Camp |
| 16:20 | Create | Villager (Male) |
| 16:20 | Create | Villager (Male) |
| 16:48 | Research | Castle Age |
| 17:12 | Create | Archer |
| 17:45 | Create | Villager (Male) |
| 17:45 | Create | Villager (Male) |
| 17:46 | Create | Archer |
| 18:11 | Research | Padded Archer Armor |
| 18:28 | Build | Lumber Camp |
| 18:33 | Research | Horse Collar |
| 18:39 | Build | Farm |
| 18:39 | Build | Farm |
| 18:40 | Build | Farm |
| 18:43 | Build | Farm |
| 18:44 | Build | Farm |
| 18:47 | Create | Archer |
| 18:47 | Create | Archer |
| 19:03 | Create | Archer |
| 19:03 | Create | Archer |
| 19:28 | Age | Castle Age |
| 19:38 | Research | Bodkin Arrow |
| 20:02 | Research | Crossbowman (upgrade) |
| 20:13 | Build | Town Center |
| 20:41 | Create | Villager (Male) |
| 20:41 | Create | Villager (Male) |
| 20:45 | Build | Mining Camp |
| 21:13 | Create | Villager (Male) |
| 21:13 | Create | Villager (Male) |
| 21:17 | Create | Villager (Male) |
| 21:17 | Create | Villager (Male) |
| 21:19 | Build | Farm |
| 21:19 | Build | Farm |
| 21:19 | Build | Farm |
| 21:35 | Build | Monastery |
Build order — mikeymazko
100 actions detected in the replay
| 0:02 | Create | Villager (Male) |
| 0:02 | Create | Villager (Male) |
| 0:02 | Create | Villager (Male) |
| 0:03 | Create | Villager (Male) |
| 0:09 | Research | Loom |
| 0:09 | Create | Villager (Male) |
| 0:09 | Create | Villager (Male) |
| 0:09 | Create | Villager (Male) |
| 0:11 | Build | House |
| 0:15 | Build | House |
| 1:34 | Create | Villager (Male) |
| 1:34 | Create | Villager (Male) |
| 1:55 | Build | Lumber Camp |
| 2:00 | Create | Villager (Male) |
| 2:17 | Create | Villager (Male) |
| 2:17 | Create | Villager (Male) |
| 2:46 | Create | Villager (Male) |
| 3:16 | Build | House |
| 3:26 | Create | Villager (Male) |
| 3:26 | Create | Villager (Male) |
| 4:21 | Build | Mill |
| 4:36 | Build | House |
| 5:16 | Create | Villager (Male) |
| 5:16 | Create | Villager (Male) |
| 6:17 | Research | Feudal Age |
| 7:08 | Build | Barracks |
| 8:08 | Build | House |
| 8:22 | Create | Villager (Male) |
| 8:22 | Create | Villager (Male) |
| 8:27 | Age | Feudal Age |
| 8:32 | Build | Stable |
| 8:40 | Build | Palisade Wall |
| 8:51 | Build | Palisade Wall |
| 8:55 | Build | Palisade Wall |
| 8:59 | Build | House |
| 9:12 | Research | Double-Bit Axe |
| 9:23 | Create | Scout Cavalry |
| 9:23 | Create | Scout Cavalry |
| 9:23 | Create | Scout Cavalry |
| 9:39 | Create | Villager (Male) |
| 9:39 | Create | Villager (Male) |
| 9:40 | Create | Villager (Male) |
| 10:25 | Create | Scout Cavalry |
| 10:40 | Build | Blacksmith |
| 10:50 | Create | Scout Cavalry |
| 11:22 | Create | Villager (Male) |
| 11:22 | Create | Villager (Male) |
| 11:23 | Create | Villager (Male) |
| 11:34 | Research | Horse Collar |
| 11:37 | Build | Farm |
| 11:39 | Build | Farm |
| 11:52 | Create | Villager (Male) |
| 12:10 | Create | Scout Cavalry |
| 12:11 | Create | Villager (Male) |
| 13:01 | Create | Villager (Male) |
| 13:01 | Create | Villager (Male) |
| 13:11 | Create | Villager (Male) |
| 13:18 | Build | Farm |
| 13:18 | Build | Farm |
| 13:18 | Build | Farm |
| 13:18 | Build | Farm |
| 13:19 | Build | Farm |
| 13:35 | Create | Villager (Male) |
| 14:01 | Build | House |
| 14:02 | Build | House |
| 14:21 | Build | House |
| 14:25 | Create | Villager (Male) |
| 14:33 | Build | Farm |
| 14:35 | Build | Farm |
| 14:36 | Build | Farm |
| 15:08 | Build | Mining Camp |
| 15:15 | Build | Lumber Camp |
| 15:35 | Create | Scout Cavalry |
| 15:37 | Research | Scale Barding Armor |
| 15:38 | Create | Villager (Male) |
| 15:44 | Build | House |
| 15:48 | Build | House |
| 15:50 | Build | House |
| 15:52 | Build | House |
| 16:02 | Build | House |
| 16:13 | Build | Farm |
| 16:14 | Build | Farm |
| 16:22 | Create | Spearman |
| 16:23 | Create | Scout Cavalry |
| 16:26 | Build | House |
| 16:28 | Build | House |
| 16:31 | Build | House |
| 16:40 | Create | Scout Cavalry |
| 16:42 | Create | Spearman |
| 16:45 | Build | House |
| 17:07 | Create | Villager (Male) |
| 17:07 | Create | Villager (Male) |
| 17:17 | Build | Farm |
| 17:40 | Build | Farm |
| 17:44 | Build | Farm |
| 18:42 | Build | Farm |
| 18:45 | Research | Castle Age |
| 19:50 | Create | Scout Cavalry |
| 20:12 | Build | Stable |
| 21:25 | Age | Castle Age |
Build order — MrskullSoul
91 actions detected in the replay
| 0:05 | Create | Villager (Male) |
| 0:05 | Create | Villager (Male) |
| 0:06 | Create | Villager (Male) |
| 0:06 | Create | Villager (Male) |
| 0:06 | Create | Villager (Male) |
| 0:08 | Build | House |
| 0:12 | Build | House |
| 1:01 | Build | Lumber Camp |
| 1:20 | Create | Villager (Male) |
| 1:49 | Create | Villager (Male) |
| 2:14 | Research | Loom |
| 2:14 | Create | Villager (Male) |
| 2:43 | Create | Villager (Male) |
| 2:43 | Create | Villager (Male) |
| 2:50 | Build | House |
| 3:02 | Create | Villager (Male) |
| 3:02 | Create | Villager (Male) |
| 3:07 | Build | House |
| 3:10 | Create | Villager (Male) |
| 3:27 | Build | Mill |
| 3:45 | Create | Villager (Male) |
| 4:23 | Research | Double-Bit Axe |
| 4:44 | Create | Villager (Male) |
| 5:13 | Create | Villager (Male) |
| 5:29 | Create | Villager (Male) |
| 5:30 | Create | Villager (Male) |
| 5:42 | Create | Villager (Male) |
| 6:07 | Create | Villager (Male) |
| 6:08 | Create | Villager (Male) |
| 6:25 | Build | Barracks |
| 6:58 | Build | House |
| 7:18 | Build | Farm |
| 7:21 | Build | Farm |
| 7:42 | Research | Feudal Age |
| 8:31 | Create | Villager (Male) |
| 8:32 | Create | Villager (Male) |
| 10:10 | Age | Feudal Age |
| 10:11 | Build | Stable |
| 10:20 | Research | Bow Saw |
| 10:25 | Create | Villager (Male) |
| 11:04 | Create | Scout Cavalry |
| 11:05 | Create | Scout Cavalry |
| 11:07 | Create | Scout Cavalry |
| 11:08 | Create | Scout Cavalry |
| 11:12 | Create | Scout Cavalry |
| 11:17 | Create | Villager (Male) |
| 11:21 | Build | House |
| 11:22 | Build | House |
| 12:00 | Create | Villager (Male) |
| 12:01 | Create | Villager (Male) |
| 12:05 | Build | Blacksmith |
| 12:14 | Create | Villager (Male) |
| 12:33 | Build | House |
| 12:39 | Build | House |
| 12:43 | Build | House |
| 12:55 | Create | Scout Cavalry |
| 12:55 | Create | Spearman |
| 12:59 | Build | House |
| 13:12 | Build | House |
| 13:22 | Create | Villager (Male) |
| 13:25 | Research | Wheelbarrow |
| 13:40 | Create | Villager (Male) |
| 13:45 | Research | Scale Barding Armor |
| 14:01 | Build | Farm |
| 14:33 | Build | Farm |
| 14:36 | Build | Farm |
| 14:39 | Build | Farm |
| 14:40 | Build | Farm |
| 14:42 | Build | Farm |
| 14:43 | Create | Villager (Male) |
| 15:23 | Create | Villager (Male) |
| 15:25 | Build | Mining Camp |
| 15:27 | Build | Mining Camp |
| 16:00 | Create | Villager (Male) |
| 16:06 | Build | Farm |
| 16:11 | Build | Farm |
| 16:12 | Build | Farm |
| 16:17 | Build | Lumber Camp |
| 16:21 | Create | Villager (Male) |
| 17:13 | Create | Villager (Male) |
| 17:21 | Build | Farm |
| 17:22 | Build | Farm |
| 17:42 | Create | Villager (Male) |
| 17:48 | Build | Market |
| 18:22 | Research | Horse Collar |
| 18:39 | Research | Castle Age |
| 18:47 | Research | Heavy Plow |
| 21:18 | Research | Hand Cart |
| 21:19 | Age | Castle Age |
| 21:24 | Build | Town Center |
| 21:43 | Build | Town Center |
Build order — Microcuts
126 actions detected in the replay
| 0:01 | Create | Villager (Male) ×4 |
| 0:01 | Create | Villager (Male) ×4 |
| 0:03 | Build | House |
| 0:06 | Research | Loom |
| 0:07 | Research | Loom |
| 0:07 | Create | Villager (Male) |
| 0:07 | Create | Villager (Male) |
| 0:09 | Build | House |
| 0:12 | Build | House |
| 0:29 | Create | Villager (Male) |
| 0:29 | Create | Villager (Male) |
| 1:13 | Build | Lumber Camp |
| 1:41 | Create | Villager (Male) |
| 1:43 | Create | Villager (Male) |
| 2:19 | Create | Villager (Male) |
| 2:46 | Create | Villager (Male) |
| 3:11 | Build | Mill |
| 3:13 | Create | Villager (Male) |
| 3:38 | Create | Villager (Male) |
| 3:38 | Create | Villager (Male) |
| 4:12 | Create | Villager (Male) |
| 4:13 | Create | Villager (Male) |
| 4:13 | Create | Villager (Male) |
| 4:54 | Create | Villager (Male) |
| 5:12 | Create | Villager (Male) |
| 5:20 | Build | House |
| 5:22 | Build | House |
| 5:29 | Create | Villager (Male) |
| 5:54 | Create | Villager (Male) |
| 6:55 | Research | Feudal Age |
| 7:29 | Build | Lumber Camp |
| 7:47 | Build | Mining Camp |
| 8:00 | Create | Villager (Male) |
| 8:08 | Build | House |
| 8:23 | Build | Barracks |
| 8:39 | Create | Villager (Male) |
| 9:17 | Build | House |
| 9:22 | Age | Feudal Age |
| 9:35 | Build | Archery Range |
| 9:40 | Build | Palisade Wall |
| 9:40 | Build | Palisade Wall |
| 9:43 | Create | Villager (Male) |
| 10:00 | Build | Blacksmith |
| 10:18 | Research | Double-Bit Axe |
| 10:27 | Create | Spearman |
| 10:29 | Create | Archer |
| 10:29 | Create | Archer |
| 10:37 | Build | Palisade Wall |
| 10:40 | Build | Palisade Wall |
| 10:47 | Create | Villager (Male) |
| 11:12 | Create | Villager (Male) |
| 11:27 | Build | Palisade Gate |
| 11:37 | Build | Palisade Wall |
| 11:44 | Build | Palisade Wall |
| 11:50 | Build | Palisade Wall |
| 11:50 | Build | Palisade Wall |
| 11:53 | Build | Palisade Wall |
| 11:54 | Build | Palisade Wall |
| 12:00 | Create | Archer |
| 12:02 | Create | Spearman |
| 12:10 | Create | Villager (Male) |
| 12:12 | Create | Villager (Male) |
| 12:16 | Research | Fletching |
| 12:19 | Research | Padded Archer Armor |
| 12:28 | Build | Archery Range |
| 12:53 | Create | Villager (Male) |
| 13:06 | Create | Archer |
| 13:18 | Create | Villager (Male) |
| 13:33 | Build | Market |
| 13:35 | Create | Villager (Male) |
| 13:36 | Research | Horse Collar |
| 13:40 | Create | Archer |
| 13:40 | Create | Skirmisher |
| 13:40 | Create | Archer |
| 14:11 | Create | Archer |
| 14:11 | Create | Archer |
| 14:15 | Create | Villager (Male) |
| 14:21 | Build | House |
| 14:30 | Build | House |
| 14:38 | Research | Wheelbarrow |
| 14:38 | Create | Villager (Male) |
| 15:10 | Build | Lumber Camp |
| 15:26 | Create | Archer |
| 15:46 | Create | Villager (Male) |
| 15:50 | Create | Archer |
| 15:50 | Create | Archer |
| 16:02 | Create | Archer |
| 16:02 | Create | Archer |
| 16:38 | Create | Archer |
| 16:39 | Create | Villager (Male) |
| 16:39 | Create | Villager (Male) |
| 16:44 | Create | Villager (Male) |
| 17:06 | Create | Archer |
| 17:10 | Build | Farm |
| 17:10 | Build | Farm |
| 17:11 | Build | Farm |
| 17:13 | Build | Farm |
| 17:14 | Build | Farm |
| 17:14 | Build | Farm |
| 17:14 | Build | Farm |
| 17:14 | Build | Farm |
| 17:17 | Build | Farm |
| 17:17 | Build | Farm |
| 17:17 | Build | Farm |
| 17:21 | Build | House |
| 17:27 | Build | House |
| 17:30 | Build | House |
| 17:47 | Create | Spearman |
| 17:51 | Create | Archer |
| 18:09 | Create | Villager (Male) |
| 18:14 | Build | Farm |
| 18:20 | Build | Farm |
| 18:24 | Build | Farm |
| 18:25 | Build | Farm |
| 18:25 | Build | Farm |
| 18:30 | Build | Farm |
| 18:30 | Build | Farm |
| 18:36 | Create | Archer |
| 18:36 | Create | Archer |
| 19:12 | Build | Farm |
| 19:15 | Create | Villager (Male) |
| 19:36 | Create | Archer |
| 19:36 | Create | Archer |
| 19:57 | Create | Archer |
| 19:58 | Create | Archer |
| 20:29 | Research | Castle Age |
Build order — eletronvalente
129 actions detected in the replay
| 0:01 | Create | Villager (Male) |
| 0:01 | Create | Villager (Male) |
| 0:01 | Create | Villager (Male) |
| 0:02 | Create | Villager (Male) |
| 0:04 | Build | House |
| 0:08 | Research | Loom |
| 0:08 | Research | Loom |
| 0:28 | Create | Villager (Male) |
| 0:29 | Create | Villager (Male) |
| 0:29 | Create | Villager (Male) |
| 0:29 | Create | Villager (Male) |
| 1:10 | Create | Villager (Male) |
| 1:11 | Create | Villager (Male) |
| 1:44 | Build | House |
| 2:28 | Create | Villager (Male) |
| 2:29 | Create | Villager (Male) |
| 2:29 | Create | Villager (Male) |
| 2:29 | Create | Villager (Male) |
| 2:45 | Create | Villager (Male) |
| 2:58 | Create | Villager (Male) |
| 3:33 | Create | Villager (Male) |
| 3:53 | Build | House |
| 4:57 | Create | Villager (Male) |
| 5:20 | Create | Villager (Male) |
| 5:30 | Build | House |
| 5:55 | Create | Villager (Male) |
| 6:14 | Create | Villager (Male) |
| 6:25 | Build | House |
| 6:34 | Build | Mill |
| 6:43 | Create | Villager (Male) |
| 7:00 | Build | Barracks |
| 7:18 | Research | Feudal Age |
| 7:19 | Research | Feudal Age |
| 7:19 | Research | Feudal Age |
| 7:43 | Build | Mill |
| 7:51 | Build | Palisade Wall |
| 8:05 | Build | Palisade Wall |
| 8:09 | Create | Villager (Male) |
| 8:25 | Build | Palisade Wall |
| 8:51 | Build | Palisade Wall |
| 8:53 | Create | Villager (Male) |
| 9:02 | Build | Palisade Wall |
| 9:05 | Create | Villager (Male) |
| 9:20 | Create | Villager (Male) |
| 9:28 | Age | Feudal Age |
| 9:38 | Build | Market |
| 9:40 | Build | Blacksmith |
| 9:51 | Build | Palisade Wall |
| 9:53 | Create | Villager (Male) |
| 9:59 | Build | Mule Cart |
| 10:24 | Create | Villager (Male) |
| 10:49 | Build | Mule Cart |
| 10:52 | Create | Villager (Male) |
| 11:17 | Create | Villager (Male) |
| 11:21 | Build | House |
| 11:22 | Build | House |
| 11:52 | Build | Palisade Wall |
| 12:34 | Create | Villager (Male) |
| 12:57 | Create | Villager (Male) |
| 13:08 | Build | Farm |
| 13:10 | Build | Farm |
| 13:11 | Build | Farm |
| 13:11 | Build | Farm |
| 13:13 | Build | Farm |
| 13:24 | Research | Castle Age |
| 13:24 | Research | Castle Age |
| 13:30 | Build | Farm |
| 14:15 | Build | House |
| 14:28 | Research | Double-Bit Axe |
| 14:28 | Research | Double-Bit Axe |
| 14:42 | Build | House |
| 14:43 | Build | House |
| 14:52 | Build | House |
| 14:53 | Build | House |
| 15:09 | Build | Stable |
| 15:11 | Create | Villager (Male) |
| 15:22 | Build | Gate |
| 15:25 | Create | Villager (Male) |
| 15:35 | Research | Horse Collar |
| 15:52 | Build | House |
| 15:53 | Build | House |
| 16:04 | Age | Castle Age |
| 16:07 | Create | Knight |
| 16:15 | Create | Knight |
| 16:23 | Build | Farm |
| 16:23 | Build | Farm |
| 16:25 | Build | Farm |
| 16:37 | Create | Villager (Male) |
| 16:49 | Build | Palisade Wall |
| 16:53 | Build | House |
| 17:02 | Create | Villager (Male) |
| 17:14 | Build | Farm |
| 17:14 | Build | Farm |
| 17:15 | Create | Villager (Male) |
| 17:19 | Create | Knight |
| 17:37 | Create | Villager (Male) |
| 17:48 | Create | Knight |
| 18:03 | Build | Town Center |
| 18:12 | Create | Knight |
| 18:22 | Create | Villager (Male) |
| 18:26 | Build | Farm |
| 18:40 | Create | Villager (Male) |
| 18:43 | Build | Farm |
| 19:04 | Build | Monastery |
| 19:10 | Create | Villager (Male) |
| 19:13 | Build | Farm |
| 19:33 | Create | Villager (Male) |
| 19:50 | Build | Monastery |
| 19:58 | Create | Villager (Male) |
| 20:07 | Build | Stone Wall |
| 20:08 | Build | Stone Wall |
| 20:26 | Create | Villager (Male) |
| 20:27 | Create | Villager (Male) |
| 20:37 | Build | Farm |
| 20:41 | Build | Mule Cart |
| 20:46 | Create | Knight |
| 20:46 | Create | Knight |
| 20:47 | Create | Villager (Male) |
| 20:47 | Create | Villager (Male) |
| 20:48 | Create | Villager (Male) |
| 20:58 | Build | Farm |
| 21:00 | Build | Farm |
| 21:12 | Create | Villager (Male) |
| 21:13 | Create | Villager (Male) |
| 21:13 | Create | Villager (Male) |
| 21:23 | Build | Farm |
| 21:29 | Create | Villager (Male) |
| 21:29 | Create | Villager (Male) |
| 21:34 | Build | Town Center |
Build order — christianperalta141
134 actions detected in the replay
| 0:03 | Build | House |
| 0:07 | Build | House |
| 0:24 | Create | Villager (Male) |
| 0:25 | Create | Villager (Male) |
| 0:25 | Create | Villager (Male) |
| 0:25 | Create | Villager (Male) |
| 0:25 | Create | Villager (Male) |
| 0:26 | Create | Villager (Male) |
| 0:26 | Create | Villager (Male) |
| 0:45 | Build | Lumber Camp |
| 1:20 | Create | Villager (Male) |
| 1:37 | Create | Villager (Male) |
| 1:37 | Create | Villager (Male) |
| 1:37 | Create | Villager (Male) |
| 1:43 | Build | Palisade Wall |
| 1:49 | Build | House |
| 1:50 | Build | Palisade Wall |
| 2:29 | Create | Villager (Male) |
| 2:30 | Create | Villager (Male) |
| 2:42 | Create | Villager (Male) |
| 2:42 | Create | Villager (Male) |
| 2:42 | Create | Villager (Male) |
| 2:50 | Build | Palisade Wall |
| 3:19 | Create | Villager (Male) |
| 3:19 | Create | Villager (Male) |
| 3:37 | Build | House |
| 3:38 | Build | Palisade Wall |
| 3:44 | Build | House |
| 3:47 | Create | Villager (Male) |
| 3:47 | Create | Villager (Male) |
| 4:12 | Create | Villager (Male) |
| 4:12 | Create | Villager (Male) |
| 4:33 | Create | Villager (Male) |
| 4:34 | Create | Villager (Male) |
| 4:34 | Create | Villager (Male) |
| 5:31 | Build | Mining Camp |
| 6:13 | Build | Palisade Wall |
| 6:25 | Research | Feudal Age |
| 6:30 | Create | Villager (Male) |
| 6:30 | Create | Villager (Male) |
| 6:55 | Build | Palisade Wall |
| 7:10 | Build | Palisade Wall |
| 7:12 | Build | Palisade Wall |
| 7:27 | Build | Palisade Wall |
| 7:38 | Create | Villager (Male) |
| 7:54 | Build | Barracks |
| 8:23 | Build | Palisade Wall |
| 8:50 | Age | Feudal Age |
| 8:53 | Build | Barracks |
| 8:55 | Create | Militia |
| 8:58 | Create | Eagle Scout |
| 8:59 | Create | Eagle Scout |
| 8:59 | Create | Eagle Scout |
| 8:59 | Create | Eagle Scout |
| 9:15 | Research | Double-Bit Axe |
| 9:31 | Create | Villager (Male) |
| 9:49 | Create | Eagle Scout |
| 9:49 | Create | Eagle Scout |
| 9:50 | Create | Eagle Scout |
| 10:02 | Build | Palisade Gate |
| 10:06 | Build | Mill |
| 10:11 | Create | Villager (Male) |
| 10:11 | Create | Villager (Male) |
| 10:15 | Create | Eagle Scout |
| 10:25 | Build | House |
| 10:59 | Build | Blacksmith |
| 11:10 | Create | Villager (Male) |
| 11:19 | Create | Eagle Scout |
| 11:20 | Create | Eagle Scout |
| 11:40 | Build | Market |
| 11:43 | Create | Villager (Male) |
| 11:51 | Build | House |
| 12:11 | Research | Scale Mail Armor |
| 12:12 | Research | Forging |
| 12:53 | Create | Eagle Scout |
| 12:53 | Create | Eagle Scout |
| 13:03 | Build | Farm |
| 13:03 | Build | Farm |
| 13:04 | Build | Farm |
| 13:04 | Build | Farm |
| 13:04 | Build | Farm |
| 13:04 | Build | Farm |
| 13:05 | Build | Farm |
| 13:06 | Create | Villager (Male) |
| 13:06 | Create | Villager (Male) |
| 13:11 | Build | Farm |
| 13:11 | Build | Farm |
| 13:20 | Build | House |
| 13:46 | Create | Villager (Male) |
| 13:49 | Build | Farm |
| 14:34 | Create | Villager (Male) |
| 14:34 | Create | Villager (Male) |
| 14:39 | Research | Horse Collar |
| 15:42 | Research | Arson |
| 15:45 | Create | Villager (Male) |
| 15:45 | Create | Villager (Male) |
| 15:50 | Build | House |
| 15:56 | Build | House |
| 15:57 | Build | House |
| 16:05 | Build | House |
| 16:07 | Build | Mining Camp |
| 16:45 | Create | Villager (Male) |
| 16:45 | Create | Villager (Male) |
| 16:45 | Create | Villager (Male) |
| 17:17 | Research | Castle Age |
| 17:17 | Research | Castle Age |
| 17:28 | Build | Mining Camp |
| 17:31 | Create | Villager (Male) |
| 17:55 | Create | Eagle Scout |
| 17:55 | Create | Eagle Scout |
| 17:57 | Create | Eagle Scout |
| 17:57 | Create | Eagle Scout |
| 18:10 | Build | Archery Range |
| 18:14 | Build | Archery Range |
| 18:17 | Create | Villager (Male) |
| 18:18 | Create | Villager (Male) |
| 18:37 | Build | Lumber Camp |
| 19:20 | Research | Fletching |
| 19:25 | Create | Archer |
| 19:25 | Create | Archer |
| 19:34 | Create | Eagle Scout |
| 19:34 | Create | Eagle Scout |
| 19:48 | Create | Archer |
| 19:49 | Create | Archer |
| 19:57 | Age | Castle Age |
| 20:02 | Research | Eagle Warrior (upgrade) |
| 20:07 | Create | Archer |
| 20:21 | Research | Squires |
| 20:22 | Create | Villager (Male) |
| 21:02 | Create | Eagle Scout |
| 21:02 | Create | Eagle Scout |
| 21:04 | Create | Eagle Scout |
| 21:04 | Create | Eagle Scout |
| 21:35 | Build | Town Center |
Match timeline
| 1:43 | christianperalta141 · wall_segment Palisade Wall x5 |
| 1:50 | christianperalta141 · wall_segment Palisade Wall x1 |
| 2:50 | christianperalta141 · wall_segment Palisade Wall x14 |
| 3:38 | christianperalta141 · wall_segment Palisade Wall x1 |
| 6:13 | christianperalta141 · wall_segment Palisade Wall x14 |
| 6:25 | MrskullSoul · first_building Barracks |
| 6:55 | christianperalta141 · wall_segment Palisade Wall x1 |
| 7:00 | eletronvalente · first_building Barracks |
| 7:06 | Megadethz · first_building Barracks |
| 7:08 | mikeymazko · first_building Barracks |
| 7:10 | christianperalta141 · wall_segment Palisade Wall x1 |
| 7:12 | christianperalta141 · wall_segment Palisade Wall x1 |
| 7:27 | christianperalta141 · wall_segment Palisade Wall x1 |
| 7:51 | eletronvalente · wall_segment Palisade Wall x5 |
| 7:54 | christianperalta141 · first_building Barracks |
| 8:00 | Megadethz · age_up feudal |
| 8:05 | eletronvalente · wall_segment Palisade Wall x8 |
| 8:10 | Megadethz · first_building Archery Range |
| 8:20 | Megadethz · wall_segment Palisade Wall x1 |
| 8:23 | christianperalta141 · wall_segment Palisade Wall x1 |
| 8:23 | Microcuts · first_building Barracks |
| 8:25 | eletronvalente · wall_segment Palisade Wall x1 |
| 8:27 | mikeymazko · age_up feudal |
| 8:32 | fs19mehmet · wall_segment Palisade Wall x1 |
| 8:32 | mikeymazko · first_building Stable |
| 8:40 | mikeymazko · wall_segment Palisade Wall x3 |
| 8:50 | christianperalta141 · age_up feudal |
| 8:51 | mikeymazko · wall_segment Palisade Wall x4 |
| 8:51 | eletronvalente · wall_segment Palisade Wall x8 |
| 8:54 | Megadethz · wall_segment Palisade Wall x1 |
| 8:55 | mikeymazko · wall_segment Palisade Wall x3 |
| 9:02 | eletronvalente · wall_segment Palisade Wall x8 |
| 9:22 | Microcuts · age_up feudal |
| 9:26 | Miel · first_building Barracks |
| 9:26 | fs19mehmet · first_building Barracks |
| 9:28 | eletronvalente · age_up feudal |
| 9:35 | Miel · age_up feudal |
| 9:35 | Microcuts · first_building Archery Range |
| 9:40 | Microcuts · wall_segment Palisade Wall x1 |
| 9:40 | Microcuts · wall_segment Palisade Wall x1 |
| 9:51 | eletronvalente · wall_segment Palisade Wall x8 |
| 9:54 | fs19mehmet · age_up feudal |
| 10:08 | Miel · first_building Stable |
| 10:10 | MrskullSoul · age_up feudal |
| 10:11 | MrskullSoul · first_building Stable |
| 10:22 | fs19mehmet · first_building Stable |
| 10:37 | Microcuts · wall_segment Palisade Wall x1 |
| 10:40 | Microcuts · wall_segment Palisade Wall x6 |
| 11:37 | Microcuts · wall_segment Palisade Wall x5 |
| 11:44 | Microcuts · wall_segment Palisade Wall x5 |
| 11:50 | Microcuts · wall_segment Palisade Wall x1 |
| 11:50 | Microcuts · wall_segment Palisade Wall x1 |
| 11:52 | eletronvalente · wall_segment Palisade Wall x14 |
| 11:53 | Microcuts · wall_segment Palisade Wall x1 |
| 11:54 | Microcuts · wall_segment Palisade Wall x1 |
| 13:23 | eletronvalente · first_market_sell 100 wood |
| 14:06 | Megadethz · wall_segment Palisade Wall x1 |
| 14:22 | fs19mehmet · age_up castle |
| 14:29 | Megadethz · wall_segment Palisade Wall x1 |
| 14:29 | fs19mehmet · first_building Siege Workshop |
| 14:34 | Megadethz · wall_segment Palisade Wall x1 |
| 15:09 | eletronvalente · first_building Stable |
| 15:54 | Megadethz · first_market_sell 100 wood |
| 15:55 | Megadethz · first_market_buy 100 food |
| 16:04 | eletronvalente · age_up castle |
| 16:13 | fs19mehmet · first_market_sell 100 food |
| 16:49 | eletronvalente · wall_segment Palisade Wall x1 |
| 17:02 | christianperalta141 · first_market_buy 100 food |
| 18:10 | christianperalta141 · first_building Archery Range |
| 18:31 | MrskullSoul · first_market_sell 100 wood |
| 18:34 | MrskullSoul · first_market_buy 100 food |
| 19:04 | eletronvalente · first_building Monastery |
| 19:17 | Miel · wall_segment Palisade Wall x1 |
| 19:23 | Miel · age_up castle |
| 19:28 | Megadethz · age_up castle |
| 19:57 | christianperalta141 · age_up castle |
| 20:07 | eletronvalente · wall_segment Stone Wall x1 |
| 20:08 | eletronvalente · wall_segment Stone Wall x1 |
| 20:46 | fs19mehmet · resign |
| 21:19 | MrskullSoul · age_up castle |
| 21:25 | mikeymazko · age_up castle |
| 21:35 | Megadethz · first_building Monastery |
[ AI ANALYSIS · 1 CREDIT ]
What really happened in this match?
Wolo.gg analyzes every decision: build order, eco, micro, common mistakes by bracket. Personalized analysis on WhatsApp or Discord in 30 seconds.
Civ guide
Huns
Map guide
MegaRandom
Perfil
Jugador #4715313